 Dungeon Crawl Stone Soup version 0.28.0-53-g5a82cb258f (webtiles) character file.

Game seed: 9364084602257890595

35 mcbry74 the Sneak (level 3, -1/19 HPs)
             Began as a Kobold Enchanter on July 13, 2022.
             Frozen to death by an endoplasm (4 damage)
             ... on level 2 of the Dungeon.
             The game lasted 00:04:30 (1522 turns).

mcbry74 the Sneak (Kobold Enchanter)                Turns: 1522, Time: 00:04:31

Health: -1/19      AC:  2    Str:  5    XL:     3   Next: 52%
Magic:  6/6        EV: 15    Int: 18    God:
Gold:   64         SH:  0    Dex: 15    Spells: 1/6 levels left

rFire   . . .      SeeInvis .   e - +1 dagger (venom)
rCold   . . .      Faith    .   (no shield)
rNeg    . . .      Spirit   .   b - +0 robe
rPois   .          Reflect  .   (no helmet)
rElec   .          Harm     .   o - scarf {shadows}
rCorr   .          Rampage  .   (no gloves)
Will    .....                   (no boots)
Stlth   ++++......              (no amulet)
HPRegen 0.06/turn               (no ring)
MPRegen 0.10/turn               (no ring)

@: no status effects
A: small, no large weapons, nightstalker 3
a: no special abilities


You were on level 2 of the Dungeon.
You visited 1 branch of the dungeon, and saw 2 of its levels.

You collected 64 gold pieces.

Inventory:

Hand Weapons
 a - a +1 dagger
 e - a +1 dagger of venom (weapon)
Missiles
 d - 98 stones (quivered)
 j - 3 poisoned darts
Armour
 b - a +0 robe (worn)
 o - a scarf of shadows (worn)
Jewellery
 h - an amulet of guardian spirit
Scrolls
 f - a scroll of fear {unknown}
 g - a scroll of enchant armour {unknown}
 l - a scroll of teleportation {unknown}
 m - a scroll of enchant weapon {unknown}
Potions
 c - a potion of invisibility
 i - a potion of attraction {unknown}
 k - a potion of curing {unknown}
 n - a potion of mutation {unknown}


   Skills:
 * Level 3.0 Short Blades
 + Level 3.0 Dodging
 - Level 4.0 Stealth
 - Level 2.4 Spellcasting
 + Level 3.3 Hexes


You had one spell level left.
You knew the following spells:

 Your Spells              Type           Power      Damage    Failure   Level
a - Ensorcelled Hibernat  Hex/Ice        16%        N/A       13%         2
b - Confusing Touch       Hex            14%        N/A       14%         3

Your spell library contained the following spells:

 Spells                   Type           Power      Damage    Failure   Level
 Tukima's Dance           Hex            14%        N/A       14%         3
 Dazzling Flash           Conj/Hex       16%        N/A       26%         3


Dungeon Overview and Level Annotations

Branches:
Dungeon (2/15)

Altars:


Innate Abilities, Weirdness & Mutations

You are small and have problems with some larger weapons.
You are completely attuned to the shadows.


Message History

You finish putting on your scarf of shadows.
It gets dark.
The helpless goblin fails to defend itself.
You impale the goblin!!
You kill the goblin!
Things that are here:
a +0 dagger; a goblin corpse A goblin comes into view.
It is wielding a +0 dagger.
An endoplasm comes into view.
Found a stone staircase leading down.
The goblin shouts!
The endoplasm quivers.
The goblin hits you with a +0 dagger.
You hit the goblin but do no damage.
The goblin is poisoned.
The goblin hits you with a +0 dagger.
You hit the goblin.
The goblin is severely wounded.
You kill the goblin!
The endoplasm closely misses you.
Your Short Blades skill increases to level 3!
Your Dodging skill increases to level 3!
Things that are here:
a +0 dagger; a goblin corpse You hit the endoplasm but do no damage.
The endoplasm freezes you.
You are frozen.
You barely miss the endoplasm. The endoplasm freezes you.
You are frozen.
You barely miss the endoplasm. The endoplasm freezes you.
You are frozen.
* * * LOW HITPOINT WARNING * * *
You hit the endoplasm.
The endoplasm is moderately wounded.
You hit the endoplasm.
The endoplasm is almost dead.
The endoplasm freezes you.
You are frozen.
You die...

.##
#####..##
........#
.>.@J8...
........#
#####..##
#.## ##.#
###..##
#......+
#)######
#.#


You could see an endoplasm.

Vanquished Creatures
  2 ball pythons (D:1)
  3 bats
  2 endoplasms (D:1)
  8 goblins
  2 hobgoblins
  3 jackals (D:1)
  2 kobolds
  2 quokkas
  2 frilled lizards (D:1)
  3 rats (D:1)
29 creatures vanquished.

Notes
Turn   | Place    | Note
-------+----------+-------------------------------------------
     0 | D:1      | mcbry74 the Kobold Enchanter began the quest for the Orb.
     0 | D:1      | Reached XP level 1. HP: 10/10 MP: 3/3
   103 | D:1      | Reached XP level 2. HP: 15/15 MP: 5/5
   265 | D:1      | Learned a level 2 spell: Ensorcelled Hibernation
   687 | D:1      | Found a faded altar of an unknown god.
   760 | D:1      | Reached XP level 3. HP: 19/19 MP: 6/6
  1035 | D:1      | Learned a level 3 spell: Confusing Touch
  1522 | D:2      | Frozen to death by an endoplasm

Illustrated notes

Levels and vault maps discovered:
D:1:      dpeg_arrival_rooms_b, layout_basic, basic_ecumenical_altar
D:2:      layout_basic, serial_shops, nicolae_shop_hallway_stairs,
          grunt_ministairs_14, hex_tiny

Skill      XL: |  1  2  3 |
---------------+----------+-----
Short Blades   | 2 3 |  3.0
Dodging        | 3 |  3.0
Stealth        | |  4.0
Spellcasting   | |  2.4
Hexes          | |  3.3

Action                   || total
-------------------------++-------
Melee: Dagger            ||    58
       Punch             ||     1
 Cast: Ensorcelled Hiber ||     1
 Stab: Sleeping          ||    16
Armor: Robe              ||     8
Dodge: Dodged            ||    27
